 Dungeon Crawl Stone Soup version 0.28-a0-1567-g1695149f81 (webtiles) character file.

Game seed: 7879849278901657822

84 buddhastalin the Cutter (level 4, -1/29 HPs)
             Began as a Kobold Berserker on Jan 19, 2022.
             Was a Believer of Trog.
             Succumbed to Jessica's poison
             ... on level 2 of the Dungeon.
             The game lasted 00:02:59 (2252 turns).

buddhastalin the Cutter (Kobold Berserker)          Turns: 2252, Time: 00:03:00

Health: -1/29      AC:  4    Str: 16    XL:     4   Next: 74%
Magic:  4/4        EV: 15    Int:  8    God:    Trog [**....]
Gold:   107        SH:  0    Dex: 14    Spells: 3/3 levels left

rFire   . . .      SeeInvis .   a - +0 short sword
rCold   . . .      Faith    .   (no shield)
rNeg    . . .      Spirit   .   m - +0 animal skin
rPois   .          Reflect  .   (no helmet)
rElec   .          Harm     .   k - +0 cloak
rCorr   .          Rampage  .   c - +0 pair of gloves
Will    .....                   (no boots)
Stlth   ++........              (no amulet)
HPRegen 0.09/turn               (no ring)
MPRegen 0.09/turn               (no ring)

@: lethally poisoned (-1 -> -16), slowed, very slow
A: small, no large weapons, nightstalker 3
a: Renounce Religion, Berserk, Trog's Hand


You were on level 2 of the Dungeon.
You worshipped Trog.
Trog was pleased with you.
You visited 1 branch of the dungeon, and saw 2 of its levels.

You collected 107 gold pieces.

Inventory:

Hand Weapons
 a - a +0 short sword (weapon)
 b - a +4 hunting sling
 g - a +0 long sword
Missiles
 d - 3 poisoned darts (quivered)
 o - 46 stones
Armour
 c - a +0 pair of gloves (worn)
 k - a +0 cloak (worn)
 m - a +0 animal skin (worn)
Scrolls
 f - 3 scrolls of enchant weapon {unknown}
 h - 2 scrolls of teleportation {unknown}
 i - 4 scrolls of identify {unknown}
 n - a scroll of amnesia {unknown}
Potions
 e - a potion of curing {unknown}
 j - a potion of magic
 l - a potion of brilliance {unknown}
 p - a potion of flight {unknown}


   Skills:
 + Level 4.0 Fighting
 * Level 5.6 Short Blades
 - Level 1.5 Armour
 + Level 3.4 Dodging


You had 3 spell levels left.
You didn't know any spells.
Your spell library was empty.

Dungeon Overview and Level Annotations

Branches:
Dungeon (2/15)

Altars:

Annotations:
D:2 Jessica


Innate Abilities, Weirdness & Mutations

You are small and have problems with some larger weapons.
You are completely attuned to the shadows.


Message History

You hit the worm.
You kill the worm!
Trog accepts your kill.
No target in view!
No target in view!
o - 46 stones (gained 22)
There is an open door here.
Jessica and a quokka come into view.
Jessica is wielding a +6 dagger of venom.
You hit Jessica.
Jessica is heavily wounded.
Jessica hits you with a +6 dagger of venom.
You are poisoned.
You hit Jessica but do no damage.
Jessica is heavily wounded.
You feel very sick.
The quokka bites you but does no damage.
Jessica casts a spell at you.
You barely resist. You closely miss Jessica.
Jessica is heavily wounded.
You feel sick. The quokka bites you.
Jessica casts a spell.
Jessica seems to speed up.
You hit Jessica but do no damage.
Jessica is heavily wounded.
You feel sick. The quokka misses you.
Jessica points at you and mumbles some strange words.
You feel yourself slow down. The quokka bites you.
You closely miss Jessica.
Jessica is heavily wounded.
You feel sick.
Jessica hits you with a +6 dagger of venom.
You are lethally poisoned!
The quokka completely misses you. Jessica gestures at you while chanting.
Pain shoots through your body!
* * * LOW HITPOINT WARNING * * *
It was a potion of magic.
Magic courses through your body.
You die...

........###...........#......#
##....).......#.......#...<..#
...........##.#....)....#..###
#...#..................##..######
...###.#...###.........##....##..
..####.....##........#.##.##..#..
...............##'##.............
##..#####.....##...##..#.........
##.## #[....#!@...#...#........
#..# ##.....#.@r..#...##.....##
..## #...#..#.....#....##....#
.## #.#.#..##...##..#.##....# .#
#...##..#####..##.##....## .#
#####..###.........##.........
.###......#
#.#..รท..#..###.......
.....####.# #...##.#...###.......
...### #.# ###.##......####.###.


You could see Jessica (fast) and a quokka.

Vanquished Creatures
  Terence (D:2)
  2 worms (D:2)
  A dart slug (D:2)
  2 bats (D:2)
  6 endoplasms
  3 giant cockroaches
  5 goblins
  9 hobgoblins
  2 jackals (D:1)
  A quokka (D:1)
  5 ball pythons
  2 kobolds (D:1)
  6 rats
45 creatures vanquished.

Notes
Turn   | Place    | Note
-------+----------+-------------------------------------------
     0 | D:1      | buddhastalin the Kobold Berserker began the quest for the
                  | Orb.
     0 | D:1      | Reached XP level 1. HP: 14/14 MP: 1/1
   170 | D:1      | Reached XP level 2. HP: 13/19 MP: 2/2
   737 | D:1      | Reached XP level 3. HP: 23/23 MP: 3/3
  1214 | D:2      | Reached ** piety under Trog
  1245 | D:2      | Reached skill level 5 in Short Blades
  1494 | D:2      | Noticed Terence
  1583 | D:2      | Killed Terence
  1584 | D:2      | Reached XP level 4. HP: 8/29 MP: 4/4
  2245 | D:2      | Noticed Jessica
  2252 | D:2      | Succumbed to Jessica's poison

Illustrated notes

Levels and vault maps discovered:
D:1:      dpeg_arrival_erosion, layout_basic,
          hangedman_abyss_or_decor_lesser_grid, minmay_tetromino_o4
D:2:      layout_rooms, kennysheep_jessica_study, uniq_terence

Skill      XL: |  1  2  3  4 |
---------------+-------------+-----
Dodging        | 3 |  3.4
Short Blades   | 5 |  5.6
Fighting       | 4 |  4.0
Armour         | |  1.5

Action                   |  1- 3 |  4- 6 || total
-------------------------+-------+-------++-------
Melee: Short sword       |   105 |    39 ||   144
       Punch             |     1 |       ||     1
Throw: Dart              |     3 |       ||     3
Invok: Berserk           |     1 |       ||     1
  Use: Potion            |       |     1 ||     1
 Stab: Sleeping          |    11 |     5 ||    16
Armor: Animal skin       |    10 |     4 ||    14
Dodge: Dodged            |    46 |    18 ||    64

Table legend: (Time is in decaauts)
 A = Elapsed time spent in this place.
 B = Non-inter-level travel time spent in this place.
 C = Inter-level travel time spent in this place.
 D = Time resting spent in this place.
 E = Time spent auto-exploring this place.
 F = Levels seen in this place.
 G = Mean time per level.
                   A        B        C        D        E       F      G
               +--------+--------+--------+--------+--------+-----+--------+
         Total |   2242 |   2220 |     22 |    842 |   1042 |   2 | 1121.0 |
       Dungeon |   2242 |   2220 |     22 |    842 |   1042 |   2 | 1121.0 |
               +--------+--------+--------+--------+--------+-----+--------+

Top non-repeatable levels by time:
     D:1: 1202 daAuts
     D:2: 1040 daAuts
